 Dungeon Crawl Stone Soup version 0.23-a0-705-g0e654d2 (webtiles) character file.

877 JeffiDaFish the Skirmisher (level 7, -3/61 HPs)
             Began as a Demonspawn Chaos Knight on Jan 15, 2019.
             Was a Plaything of Xom.
             Slain by an ogre
             ... wielding a +0 giant club
              (14 damage)
             ... on level 5 of the Dungeon.
             The game lasted 00:06:29 (3152 turns).

JeffiDaFish the Skirmisher (DsCK)                   Turns: 3152, Time: 00:06:30

Health: -3/61      AC: 12    Str: 15    XL:     7   Next: 75%
Magic:  7/7        EV:  7    Int: 13    God:    Xom [.*....]
Gold:   150        SH:  0    Dex: 12    Spells: 6/6 levels left

rFire    . . .     SeeInvis .   a - +0 hand axe (chaos)
rCold    . . .     Gourm    .   (no shield)
rNeg     + . .     Faith    .   m - +2 chain mail {rN+}
rPois    .         Spirit   .   (no helmet)
rElec    .         Reflect  .   (no cloak)
rCorr    .         Harm     +   (no gloves)
MR       .....                  (no boots)
Stlth    ..........             i - amulet of harm
HPRegen  0.20/turn              (no ring)
MPRegen  0.10/turn              (no ring)

@: no status effects
A: hooves 1, rugged brown scales 1, demonic guardian 1, powered by pain 1
a: Renounce Religion


You were on level 5 of the Dungeon.
You worshipped Xom.
You were a plaything of Xom.
You were not hungry.

You visited 1 branch of the dungeon, and saw 5 of its levels.

You collected 150 gold pieces.

Inventory:

Hand Weapons
 a - a +0 hand axe of chaos (weapon)
 f - a +0 glaive
Armour
 m - a +2 chain mail of positive energy (worn)
Jewellery
 i - an amulet of harm (around neck)
Wands
 h - a wand of polymorph (4)
 j - a wand of flame (17)
Scrolls
 g - 2 scrolls of remove curse
 l - a scroll of identify
Potions
 d - a potion of flight
 e - 2 potions of curing
Comestibles
 c - 7 rations


   Skills:
 * Level 7.0 Fighting
 + Level 4.8 Axes
 + Level 4.3 Armour
 - Level 0.8 Dodging


You had 6 spell levels left.
You didn't know any spells.
Your spell library contained the following spells:

 Spells                   Type           Power        Failure   Level  Hunger
 Sandblast                Erth           #.....       99%         1    ##.....
 Passwall                 Tmut/Erth      #.......     100%        2    ###....
 Stone Arrow              Conj/Erth      #.....       100%        3    ####...
 Petrify                  Tmut/Erth      #.......     100%        4    #####..
 Lee's Rapid Deconstruct  Erth           #.........   100%        5    ######.


Dungeon Overview and Level Annotations

Branches:
Dungeon (5/15)
 Temple: D:4-7

Altars:
Fedhas
Qazlal
Wu Jian
The Shining One


Innate Abilities, Weirdness & Mutations

You have large cloven feet.
You are partially covered in rugged brown scales. (AC +1, +3% HP)
A weak demonic guardian rushes to your aid.
You sometimes gain a little power by taking damage.


Message History

Your white imp hits the ogre.
Your white imp freezes the ogre.
Unknown command.
Your chain mail prevents you from hitting the iguana.
Your kick misses the iguana.
The iguana is severely wounded.
You hit the ogre but do no damage.
The iguana is no longer moving slowly.
The ogre hits you with a +0 giant club! The iguana bites you!
* * * LOW HITPOINT WARNING * * *
Your shadow imp hits the iguana but does no damage.
Your white imp hits the iguana.
Your white imp freezes the iguana.
The iguana dies!
The orc returns to its original shape as it dies.
Your Fighting skill increases to level 7!
You are too injured to fight recklessly!
Unknown command.
You are too injured to fight recklessly!
You barely miss the ogre. You kick the ogre.
The ogre is heavily wounded.
The ogre hits you with a +0 giant club!
You die...

##...###.......##...
#..###..........#...
#...........#.....
##...........#....
###..........>... ##
######......... ..
###.###... ..
###b#bb# .. #bb5@5b#
.. #...O†#5..... ..
#.....####.#.......
.. #.###. ## .... ..
# #. ... .. #. #..
.. .. .. ..##.. ##
... #....#
##..##...#


You could see an ogre, a friendly white imp, a friendly shadow imp and a
friendly ufetubus.

Vanquished Creatures
  Grinder (D:3)
  Sigmund (D:3)
  A centaur (D:5)
  A boggart (shapeshifter) (D:4)
  A bullfrog (D:3)
  2 hounds
  A jelly (D:5)
  An orc priest (D:4)
  2 worker ants (D:5)
  3 adders
  2 shadow imps (D:5)
  An adder skeleton (D:4)
  2 worms
  4 leopard geckos
  An orc (D:4)
  A ball python (D:1)
  A giant cockroach (D:3)
  3 goblins
  2 hobgoblins (D:1)
  3 jackals (D:5)
  3 quokkas
  5 bats
  5 frilled lizards (D:1)
  5 kobolds
  6 rats
58 creatures vanquished.

Vanquished Creatures (collateral kills)
  A howler monkey (D:4)
  An orc wizard (D:4)
  An iguana (D:5)
  A killer bee zombie (D:5)
4 creatures vanquished.

Grand Total: 62 creatures vanquished

Notes
Turn   | Place    | Note
-------+----------+-------------------------------------------
     0 | D:1      | JeffiDaFish the Demonspawn Chaos Knight began the quest for
                  | the Orb.
     0 | D:1      | Reached XP level 1. HP: 18/18 MP: 1/1
    51 | D:1      | XOM: divination: detect creatures
    97 | D:1      | Gained mutation: You are partially covered in rugged brown
                  | scales. (AC +1, +3% HP) [demonic ancestry]
    97 | D:1      | Reached XP level 2. HP: 7/24 MP: 2/2
   138 | D:1      | XOM: harmless Chrm miscast
   701 | D:1      | XOM: divination: detect creatures
   737 | D:1      | XOM: harmless Tloc miscast
  1172 | D:2      | You fall through a shaft for 2 floors!
  1175 | D:4      | Noticed a scorpion
  1186 | D:4      | Noticed a boggart
  1186 | D:4      | a scorpion changed into a boggart
  1188 | D:4      | XOM: potion effect (agility)
  1190 | D:4      | XOM: potion effect (agility)
  1191 | D:4      | XOM: potion effect (curing)
  1198 | D:4      | Killed a boggart
  1198 | D:4      | Reached skill level 4 in Fighting
  1198 | D:4      | Gained mutation: A weak demonic guardian rushes to your
                  | aid. [demonic ancestry]
  1198 | D:4      | Reached XP level 3. HP: 18/31 MP: 3/3
  1198 | D:4      | Reached XP level 4. HP: 23/39 MP: 4/4
  1355 | D:3      | Noticed Grinder
  1375 | D:3      | XOM: potion effect (agility)
  1383 | D:3      | Killed Grinder
  1383 | D:3      | Reached skill level 5 in Fighting
  1383 | D:3      | Gained mutation: You have large cloven feet. [demonic
                  | ancestry]
  1383 | D:3      | Reached XP level 5. HP: 36/45 MP: 5/5
  1383 | D:3      | Reached XP level 6. HP: 42/52 MP: 6/6
  1391 | D:3      | XOM: harmless Hex miscast
  1520 | D:3      | Noticed Sigmund
  1648 | D:3      | XOM: god gift: glaive {god gift}
  1740 | D:3      | Killed Sigmund
  1741 | D:3      | Reached skill level 6 in Fighting
  2113 | D:3      | XOM: god gift: 7 gold pieces
  2302 | D:4      | Found a stormy altar of Qazlal.
  2307 | D:4      | Gained mutation: You sometimes gain a little power by
                  | taking damage. [demonic ancestry]
  2307 | D:4      | Reached XP level 7. HP: 46/59 MP: 7/7
  2354 | D:4      | Found a blossoming altar of Fedhas.
  2542 | D:4      | Found an ornate altar of the Wu Jian Council.
  2542 | D:4      | XOM: 8-stop teleportation journey
  2685 | D:4      | Found a glowing golden altar of the Shining One.
  2801 | D:5      | Entered Level 5 of the Dungeon
  2946 | D:5      | XOM: 1-stop teleportation journey
  3146 | D:5      | XOM: summons 2 friendly demons
  3150 | D:5      | XOM: butterfly on damage
  3151 | D:5      | Reached skill level 7 in Fighting
  3152 | D:5      | Slain by an ogre

Vault maps used:
D:1:      ebering_hopf_link, minmay_misc_feat_room, minmay_split_cup_large
D:2:      xom_redecorated
D:3:      first_ration, uniq_grinder, uniq_sigmund
D:4:      grunt_temple_overflow_forces_of_nature, lemuel_crystal_altar,
          overflow_temple_1_default
D:5:      kennysheep_small_spiral

Skill      XL: |  1  2  3  4  5  6  7 |
---------------+----------------------+-----
Armour         | 2 3 4 |  4.3
Fighting       | 4 5 6 7 |  7.0
Axes           | 3 4 |  4.8
Dodging        | |  0.8

Action                   |  1- 3 |  4- 6 |  7- 9 || total
-------------------------+-------+-------+-------++-------
Melee: Hand axe          |    86 |    49 |    83 ||   218
       Kick              |       |    10 |    20 ||    30
  Use: Potion            |     4 |     2 |     1 ||     7
       Scroll            |     1 |     4 |     2 ||     7
 Stab: Petrified         |     2 |     1 |       ||     3
       Paralysed         |       |     1 |     1 ||     2
       Confused          |       |       |     1 ||     1
  Eat: Chunk             |     1 |     2 |     4 ||     7
Armor: Leather armour    |    37 |     8 |    26 ||    71
       Chain mail        |       |       |    10 ||    10
Dodge: Dodged            |    55 |    26 |    45 ||   126

Table legend:
 A = Non-vault XP
 B = Vault XP
 C = Vault XP percentage of total XP
 D = Non-vault monster count
 E = Vault monster count
 F = Vault count percentage of total count
                 A         B        C        D         E       F
            +---------+---------+-------+---------+---------+-------
      Total |     800 |     453 |  36.2 |      56 |       6 |   9.7
            +---------+---------+-------+---------+---------+-------
        D:1 |      29 |       4 |  12.1 |      19 |       4 |  17.4
        D:3 |     100 |     449 |  81.8 |      11 |       2 |  15.4
        D:4 |     313 |       0 |   0.0 |      11 |       0 |   0.0
        D:5 |     358 |       0 |   0.0 |      15 |       0 |   0.0
            +---------+---------+-------+---------+---------+-------
